 Dungeon Crawl Stone Soup version 0.24.0-1-gfbc8707 (webtiles) character file.

Game seed: 8274305230099555277, levelgen mode: deterministic

352 Faca the Spear-Bearer (level 6, -2/51 HPs)
             Began as a Merfolk Gladiator on Oct 26, 2019.
             Slain by an orc warrior
             ... wielding a +0 hand axe
              (7 damage)
             ... on level 6 of the Dungeon.
             The game lasted 00:07:09 (3811 turns).

Faca the Spear-Bearer (Merfolk Gladiator)           Turns: 3811, Time: 00:07:10

Health: -2/51      AC:  8    Str: 19    XL:     6   Next: 61%
Magic:  6/6        EV: 14    Int:  8    God:
Gold:   154        SH:  0    Dex: 15    Spells: 5/5 levels left

rFire    . . .     SeeInvis +   a - +0 trident
rCold    . . .     Gourm    .   (no shield)
rNeg     . . .     Faith    .   b - +0 leather armour
rPois    .         Spirit   .   c - +0 helmet
rElec    .         Reflect  .   j - scarf {cloud immunity}
rCorr    .         Harm     .   h - +0 pair of gloves
MR       .....                  q - +2 pair of boots
Stlth    +.........             (no amulet)
HPRegen  0.17/turn              m - +3 ring of strength
MPRegen  0.10/turn              g - ring of see invisible

@: no status effects
A: change form in water, swift swim, stealthy swim
a: no special abilities


You were on level 6 of the Dungeon.
You were hungry.

You visited 1 branch of the dungeon, and saw 6 of its levels.

You collected 154 gold pieces.

Inventory:

Hand Weapons
 a - a +0 trident (weapon)
Missiles
 d - 2 throwing nets (quivered)
 i - 3 javelins
Armour
 b - a +0 leather armour (worn)
 c - a +0 helmet (worn)
 h - a +0 pair of gloves (worn)
 j - a scarf of cloud immunity (worn)
 q - a +2 pair of boots (worn)
Jewellery
 g - a ring of see invisible (right hand)
 m - a +3 ring of strength (left hand)
 u - an uncursed amulet of regeneration {unknown}
Scrolls
 e - 2 scrolls of remove curse
 l - 2 scrolls of magic mapping {unknown}
Potions
 k - a potion of lignification
 n - a potion of might
 o - 4 potions of curing
 s - a potion of agility
 t - a potion of brilliance {unknown}
Comestibles
 f - 3 rations
 p - 3 chunks of flesh


   Skills:
 + Level 5.5 Fighting
 + Level 8.0 Polearms
 - Level 2.0 Throwing
 - Level 4.0 Dodging


You had 5 spell levels left.
You didn't know any spells.
Your spell library was empty.

Dungeon Overview and Level Annotations

Branches:
Dungeon (7/15)
 Temple: D:4-7

Altars:
Dithmenos
Hepliaklqana
Kikubaaqudgha


Message History

The orc warrior is severely wounded.
You hit the orc warrior but do no damage.
The orc warrior is severely wounded.
The orc wizard gestures at you while chanting.
The magic dart hits you! The orc warrior barely misses you.
You hit the orc warrior.
The orc warrior is almost dead.
The orc wizard gestures wildly while chanting.
The orc wizard blinks!
The orc warrior hits you with a +0 hand axe!
* * * LOW HITPOINT WARNING * * *
You hit the orc warrior.
The orc warrior is almost dead.
The orc warrior hits you with a +0 hand axe.
* * * LOW HITPOINT WARNING * * *
The orc hits you but does no damage.
You barely miss the orc warrior.
The orc warrior is almost dead.
The orc warrior hits you with a +0 hand axe!
You die...

.......
.......
..o....
.......
.....
...#
##o..+
#@# #o#
.## #.
##


You could see an orc warrior, an orc wizard and an orc.

Vanquished Creatures
  A necrophage (D:4)
  A bullfrog zombie (D:2)
  A worker ant (D:4)
  Robin (D:2)
  4 gnolls
  4 adders
  An adder zombie (D:3)
  3 worms
  2 dart slugs (D:1)
  3 leopard geckos
  5 bats
  8 giant cockroaches
  13 goblins
  7 hobgoblins
  18 jackals
  8 kobolds
  3 quokkas
  A ball python (D:1)
  4 frilled lizards
  11 rats
99 creatures vanquished.

Notes
Turn   | Place    | Note
-------+----------+-------------------------------------------
     0 | D:1      | Faca the Merfolk Gladiator began the quest for the Orb.
     0 | D:1      | Reached XP level 1. HP: 16/16 MP: 1/1
    72 | D:1      | Reached XP level 2. HP: 13/23 MP: 2/2
   278 | D:1      | Reached skill level 5 in Polearms
   755 | D:1      | Reached XP level 3. HP: 29/29 MP: 3/3
  1174 | D:2      | Reached skill level 6 in Polearms
  1174 | D:2      | Reached XP level 4. HP: 10/37 MP: 4/4
  1894 | D:2      | Noticed Robin
  1906 | D:2      | Killed Robin
  1906 | D:2      | Reached XP level 5. HP: 29/42 MP: 5/5
  1922 | D:2      | Found a shadowy altar of Dithmenos.
  1922 | D:2      | Found an ancient bone altar of Kikubaaqudgha.
  2229 | D:2      | Found a hazy altar of Hepliaklqana.
  2974 | D:3      | Reached skill level 7 in Polearms
  3398 | D:4      | Noticed a necrophage
  3413 | D:4      | Killed a necrophage
  3413 | D:4      | Reached skill level 5 in Fighting
  3413 | D:4      | Reached XP level 6. HP: 33/51 MP: 6/6
  3721 | D:4      | Reached skill level 8 in Polearms
  3764 | D:4      | You fall into a shaft and drop 3 floors!
  3790 | D:7      | Noticed an orc warrior
  3811 | D:6      | Slain by an orc warrior

Levels and vault maps discovered:
D:1:      scummos_arrival_gate, layout_basic, hangedman_feature_mirror,
          minivault_23
D:2:      layout_loops_ring, grunt_temple_overflow_open, first_ration,
          minmay_statues_item, corexii_item_surrounded_by_moat, uniq_robin
D:3:      layout_loops_corners
D:4:      cheibrodos_barr_body, layout_cave_pods, serial_rivers,
          chequers_serial_rivers_micro_d, chequers_serial_rivers_room_a,
          chequers_serial_rivers_micro_c, chequers_serial_rivers_micro_c,
          chequers_serial_rivers_small_a, chequers_serial_rivers_micro_e
D:6:      layout_layer_cave, tso_metal_star, kennysheep_mini
D:7:      layout_cave_pools, overflow_temple_1_default, lightli_temple_of_fire,
          yredelemnul_forgotten_temple_becter, serial_shops,
          kennysheep_little_box, uniq_crazy_yiuf_cottage

Skill      XL: |  1  2  3  4  5  6 |
---------------+-------------------+-----
Polearms       | 5 6 7 8 |  8.0
Fighting       | 3 4 5 |  5.5
Throwing       | |  2.0
Dodging        | |  4.0

Action                   |  1- 3 |  4- 6 || total
-------------------------+-------+-------++-------
Melee: Trident           |   104 |   255 ||   359
Throw: Throwing net      |       |     1 ||     1
  Use: Scroll            |       |    10 ||    10
 Stab: Sleeping          |     2 |     5 ||     7
  Eat: Chunk             |     1 |     8 ||     9
Armor: Leather armour    |    23 |    64 ||    87
Dodge: Dodged            |    56 |   142 ||   198
